 Dungeon Crawl Stone Soup version 0.25-a0-578-gc91f01c39c (webtiles) character file.

Game seed: 11690060990938226146, levelgen mode: deterministic

9062 Flugslaktarn the Cleaver (level 11, -2/100 HPs)
             Began as a Deep Dwarf Fighter on Mar 4, 2020.
             Was an Elder of Makhleb.
             Slain by an eight-headed hydra (10 damage)
             ... on level 1 of the Lair of Beasts.
             The game lasted 00:05:12 (5565 turns).

Flugslaktarn the Cleaver (Deep Dwarf Fighter)       Turns: 5565, Time: 00:05:13

Health: -2/100     AC: 17    Str: 23    XL:     11   Next: 18%
Magic:  7/7        EV:  6    Int:  9    God:    Makhleb [****..]
Gold:   2664       SH: 10    Dex: 12    Spells: 10/10 levels left

rFire    + . .     SeeInvis .   r - +1 broad axe (vorpal)
rCold    . . .     Gourm    .   c - +0 kite shield
rNeg     + . .     Faith    .   d - +1 chain mail {rF+}
rPois    .         Spirit   .   H - +0 helmet
rElec    .         Reflect  .   B - +0 cloak
rCorr    +         Harm     .   b - +1 pair of gloves
MR       +....                  (no boots)
Stlth    ..........             (no amulet)
HPRegen  0.00/turn              j - ring of positive energy
MPRegen  0.10/turn              k - ring of resist corrosion

@: non-regenerating
A: damage resistance, heal wounds, sense surroundings 2, no regeneration
a: Heal Wounds, Minor Destruction, Lesser Servant of Makhleb, Major Destruction,
Renounce Religion


You were on level 1 of the Lair of Beasts.
You worshipped Makhleb.
Makhleb was greatly pleased with you.
You were not hungry.

You visited 3 branches of the dungeon, and saw 11 of its levels.
You also visited: Bailey.

You collected 2874 gold pieces.
You spent 210 gold pieces at shops.

Inventory:

Hand Weapons
 r - a +1 vorpal broad axe (weapon)
   (You acquired it on level 1 of the Lair of Beasts)
Armour
 b - a +1 pair of gloves (worn)
   (You found it on level 6 of the Dungeon)
 c - a +0 kite shield (worn)
 d - a +1 chain mail of fire resistance (worn)
   (You took it off an orc warlord in a bailey)
 s - a +0 plate armour
   (You took it off an orc warrior on level 7 of the Dungeon)
 B - a +0 cloak (worn)
   (You took it off Crazy Yiuf on level 7 of the Dungeon)
 H - a +0 helmet (worn)
   (You bought it in a shop on level 9 of the Dungeon)
Jewellery
 j - a ring of positive energy (left hand)
   (You found it on level 7 of the Dungeon)
 k - a ring of resist corrosion (right hand)
   (You found it on level 7 of the Dungeon)
 C - an uncursed amulet of regeneration {unknown}
   (You found it on level 8 of the Dungeon)
Wands
 v - a wand of digging (9)
   (You found it on level 9 of the Dungeon)
Scrolls
 g - 2 scrolls of fog
 o - a scroll of magic mapping
 t - 6 scrolls of teleportation
 z - 3 scrolls of blinking
 D - a scroll of immolation {unknown}
 F - a scroll of enchant weapon {unknown}
 G - a scroll of torment {unknown}
Potions
 h - a potion of haste
 i - a potion of brilliance {unknown}
 l - 3 potions of degeneration
 m - a potion of experience {unknown}
 n - 2 potions of flight
 q - 3 potions of curing
 w - 2 potions of heal wounds
 A - 3 potions of cancellation
 I - a potion of ambrosia {unknown}
Miscellaneous
 y - a lamp of fire
   (You found it in a bailey)
Comestibles
 a - 2 chunks of flesh
 e - 15 rations


   Skills:
 + Level 7.6 Fighting
 * Level 11.9 Axes
 + Level 9.1 Armour
 + Level 5.8 Shields
 + Level 9.0 Invocations


You had 10 spell levels left.
You didn't know any spells.
Your spell library was empty.

Dungeon Overview and Level Annotations

Branches:
Dungeon (9/15)             Temple (1/1) D:4            Lair (1/6) D:9
 Bailey (visited)
    Orc: D:9-12

Altars:
Ashenzari
Dithmenos
Elyvilon
Fedhas
Gozag
Kikubaaqudgha
Makhleb
Nemelex Xobeh
Okawaru
Qazlal
Ru
Trog
Uskayaw
Vehumet
Wu Jian
Xom
Yredelemnul
Zin
The Shining One

Shops:
D:9 *}[


Innate Abilities, Weirdness & Mutations

You are resistant to damage.
You can heal yourself by infusing magical energy.
You passively map the area around you.
You do not regenerate.


Message History

The eight-headed hydra bites you! The eight-headed hydra bites you.
You block the eight-headed hydra's attack.
The eight-headed hydra bites you!
* * * LOW HITPOINT WARNING * * *
The eight-headed hydra bites you!
* * * LOW HITPOINT WARNING * * *
The eight-headed hydra bites you but does no damage.
The eight-headed hydra closely misses you.
You are too injured to fight recklessly!
You are too injured to fight recklessly!
A demon appears!
You can no longer summon a greater servant of Makhleb.
The eight-headed hydra bites you.
The eight-headed hydra closely misses you.
The eight-headed hydra bites you!
* * * LOW HITPOINT WARNING * * *
You block the eight-headed hydra's attack.
The eight-headed hydra bites you but does no damage.
The eight-headed hydra bites you!
You die...

* ###
*#########.############
, ,
......................
,,, ,
.................>....
* , ,
###.....######P###### *
* # #....## ### ,, *
..#.##....## * # ,,,
,...........####** *
*.# , .......@.......,
,,..
,......D.........,, ..
,* ,.###..3........# *
.. *,
,**#...#P###...#**,, ..
,, #...### .... ,.. * ,
* #... *,..# * .. *
.... , , , .. , .....
,, , .. , , , ,, *#.


You could see an eight-headed hydra and a friendly ynoxinul.

Vanquished Creatures
  An orc warlord (Bailey)
  2 two-headed ogres (D:8)
  Psyche (D:8)
  Maggie (D:6)
  Sigmund (D:3)
  A wyvern (Lair:1)
  2 hungry ghosts (D:8)
  Menkaure (D:6)
  A basilisk (D:9)
  18 orc warriors
  A black bear (D:9)
  2 ice beasts
  3 phantoms
  4 ogres
  4 centaurs
  A crocodile (Lair:1)
  3 big kobolds
  Blork the orc (D:6)
  2 bullfrogs
  3 killer bees (D:7)
  An electric eel (D:9)
  5 wights (D:6)
  2 vampire bats (D:7)
  2 howler monkeys (D:7)
  A bullfrog zombie (D:8)
  2 crimson imps
  3 hounds
  2 jellies
  2 quasits
  3 orc priests
  Crazy Yiuf (D:7)
  Terence (D:3)
  3 iguanas
  7 worker ants
  6 orc wizards
  A killer bee zombie (D:8)
  15 gnolls
  10 adders
  4 shadow imps
  2 adder zombies
  A dart slug (D:1)
  6 leopard geckos
  47 orcs
  2 bats
  4 bat skeletons (D:7)
  2 bat zombies (D:7)
  26 goblins
  12 hobgoblins
  3 jackals (D:3)
  8 quokkas
  2 ball pythons
  4 frilled lizards
  15 kobolds
  3 leopard gecko skeletons
  A rat (D:3)
  A fungus (D:9)
  A plant (D:9)
264 creatures vanquished.

Vanquished Creatures (others)
  2 fungi (D:9)
2 creatures vanquished.

Grand Total: 266 creatures vanquished

Notes
Turn   | Place    | Note
-------+----------+-------------------------------------------
     0 | D:1      | Flugslaktarn the Deep Dwarf Fighter began the quest for the
                  | Orb.
     0 | D:1      | Reached XP level 1. HP: 20/20 MP: 1/1
   138 | D:2      | Reached XP level 2. HP: 25/27 MP: 2/2
   177 | D:3      | Reached skill level 3 in Axes
   177 | D:3      | Reached XP level 3. HP: 30/33 MP: 3/3
   203 | D:3      | Noticed Terence
   213 | D:3      | Killed Terence
   213 | D:3      | Reached XP level 4. HP: 34/42 MP: 4/4
   229 | D:3      | Found a faded altar of an unknown god.
   275 | D:3      | Noticed Sigmund
   283 | D:3      | Killed Sigmund
   283 | D:3      | Reached skill level 4 in Axes
   283 | D:3      | Reached XP level 5. HP: 28/49 MP: 5/5
   341 | D:4      | Reached XP level 6. HP: 52/56 MP: 6/6
   433 | D:4      | Reached skill level 5 in Axes
   468 | D:4      | Found a bloodstained altar of Trog.
   578 | D:4      | Found a staircase to the Ecumenical Temple.
   595 | Temple   | Entered the Ecumenical Temple
   605 | Temple   | Became a worshipper of Makhleb the Destroyer
   816 | D:5      | Entered Level 5 of the Dungeon
   831 | D:5      | Reached XP level 7. HP: 46/64 MP: 6/6
   887 | D:5      | Reached skill level 5 in Shields
   915 | D:5      | Reached skill level 5 in Armour
   915 | D:5      | Reached skill level 1 in Invocations
   933 | D:5      | Reached * piety under Makhleb
  1201 | D:5      | Reached skill level 6 in Axes
  1409 | D:6      | Reached XP level 8. HP: 59/73 MP: 6/6
  1534 | D:6      | Noticed Menkaure
  1540 | D:6      | Killed Menkaure
  1540 | D:6      | Reached skill level 7 in Axes
  1556 | D:6      | Noticed Maggie
  1580 | D:6      | Killed Maggie
  1580 | D:6      | Reached skill level 5 in Fighting
  1661 | D:6      | Reached skill level 8 in Axes
  2196 | D:6      | Noticed Blork the orc
  2205 | D:6      | Killed Blork the orc
  2205 | D:6      | Gained mutation: You passively map the area around you.
                  | [Deep Dwarf growth]
  2205 | D:6      | Reached XP level 9. HP: 42/81 MP: 6/6
  2343 | D:7      | Reached ** piety under Makhleb
  2383 | D:7      | Reached skill level 5 in Invocations
  2407 | D:7      | Found a flagged portal.
  2420 | Bailey   | Entered a bailey
  2627 | Bailey   | Reached skill level 9 in Axes
  2630 | Bailey   | Reached *** piety under Makhleb
  2710 | Bailey   | Noticed an orc warlord
  2760 | Bailey   | Killed an orc warlord
  2760 | Bailey   | Reached skill level 10 in Axes
  2760 | Bailey   | Reached XP level 10. HP: 59/92 MP: 4/6
  3035 | D:7      | Reached **** piety under Makhleb
  3176 | D:7      | Found an ancient bone altar of Kikubaaqudgha.
  3617 | D:7      | Found a runed translucent door.
  3618 | D:7      | Noticed Crazy Yiuf
  3876 | D:7      | Killed Crazy Yiuf
  3940 | D:8      | Noticed a two-headed ogre
  3947 | D:8      | Killed a two-headed ogre
  3947 | D:8      | Reached skill level 11 in Axes
  4167 | D:8      | Noticed a two-headed ogre
  4192 | D:8      | Killed a two-headed ogre
  4228 | D:8      | Reached XP level 11. HP: 99/100 MP: 7/7
  4279 | D:8      | Reached ***** piety under Makhleb
  4377 | D:8      | Noticed Psyche
  4382 | D:8      | Killed Psyche
  4529 | D:9      | Found a staircase to the Lair.
  4624 | D:9      | Found Ijio's General Store.
  4636 | D:9      | Bought a potion of heal wounds for 80 gold pieces
  4981 | D:9      | Found Doehe's Antique Armour Emporium.
  4990 | D:9      | Bought a helmet for 130 gold pieces
  5142 | D:9      | Found Caciclet's Gadget Boutique.
  5407 | Lair:1   | Entered Level 1 of the Lair of Beasts
  5409 | Lair:1   | Identified 2 scrolls of acquirement
  5510 | Lair:1   | Found a radiant altar of Vehumet.
  5555 | Lair:1   | Noticed a six-headed hydra
  5565 | Lair:1   | Slain by an eight-headed hydra

Levels and vault maps discovered:
D:1:      lightli_arrival_isolated_outpost, layout_basic, st_stairs_8
D:2:      layout_loops_ring
D:3:      layout_rooms, first_ration, chequers_ecumenical_altar_simple_redux,
          chequers_serial_rivers_micro_c, patterned_corridor, uniq_terence,
          uniq_sigmund
D:4:      layout_rooms, minmay_temple_entry_junction, trog_butcher_becter
D:5:      layout_rooms
D:6:      layout_layer_cave, serial_park_tiny_pond, uniq_maggie, uniq_menkaure,
          uniq_blork_the_orc
D:7:      layout_basic, kennysheep_vampire_church, enter_bailey_3,
          minmay_misc_feat_tower, uniq_crazy_yiuf_cottage
D:8:      layout_cave_pools, uniq_psyche
D:9:      layout_basic, dpeg_oklobed_lair, serial_shops, nicolae_shop_trees,
          nicolae_shop_behind_doors, shop, blue_anna_alchemist
          [blue_anna_fruit_fields, blue_anna_fruit_fields]
Temple:   dpeg_three_leaves_temple
Lair:1:   layout_small_grid, basic_altar, infiniplex_staircase_pool

Skill      XL: |  1  2  3  4  5  6  7  8  9 10 11 |
---------------+----------------------------------+-----
Axes           | 3 4 5 6 8 10 11 | 11.9
Fighting       | 3 4 5 6 7 |  7.6
Armour         | 4 5 6 7 8 9 |  9.1
Shields        | 4 5 |  5.8
Invocations    | 2 4 7 8 9 |  9.0

Action                   |  1- 3 |  4- 6 |  7- 9 | 10-12 || total
-------------------------+-------+-------+-------+-------++-------
Melee: War axe           |    54 |     6 |       |       ||    60
       Hand axe          |       |    95 |   145 |       ||   240
       Battleaxe         |       |       |   195 |   216 ||   411
       Broad axe         |       |       |       |    11 ||    11
Invok: Lesser Servant of |       |       |       |     1 ||     1
 Abil: Heal Wounds       |       |     3 |    26 |     6 ||    35
  Use: Scroll            |       |       |     9 |     3 ||    12
       Potion            |       |       |     3 |       ||     3
  Eat: Chunk             |       |       |     7 |    14 ||    21
Armor: Scale mail        |    27 |    34 |   124 |       ||   185
       Chain mail        |       |       |       |   178 ||   178
Dodge: Dodged            |     6 |    23 |   152 |   102 ||   283
Block: Kite shield       |    32 |    58 |    89 |    18 ||   197

Table legend:
 A = Non-vault XP
 B = Vault XP
 C = Vault XP percentage of total XP
 D = Non-vault monster count
 E = Vault monster count
 F = Vault count percentage of total count
                 A         B        C        D         E       F
            +---------+---------+-------+---------+---------+-------
      Total |    7425 |    5522 |  42.7 |     167 |      95 |  36.3
            +---------+---------+-------+---------+---------+-------
        D:1 |       6 |       5 |  45.5 |       5 |       2 |  28.6
        D:2 |      21 |       0 |   0.0 |       5 |       0 |   0.0
        D:3 |      84 |     259 |  75.5 |      13 |       2 |  13.3
        D:4 |     336 |       8 |   2.3 |      19 |       4 |  17.4
        D:5 |     347 |       0 |   0.0 |      23 |       0 |   0.0
        D:6 |    1216 |     657 |  35.1 |      23 |       3 |  11.5
        D:7 |     938 |     170 |  15.3 |      27 |      13 |  32.5
        D:8 |    3404 |     469 |  12.1 |      36 |       1 |   2.7
        D:9 |     752 |     100 |  11.7 |      14 |       1 |   6.7
     Lair:1 |     321 |       0 |   0.0 |       2 |       0 |   0.0
     Bailey |       0 |    3854 | 100.0 |       0 |      69 | 100.0
            +---------+---------+-------+---------+---------+-------
